 Dungeon Crawl Stone Soup version 0.27.0-1-g7a089689b8 (webtiles) character file.

Game seed: 10177631456366077813

61 Spectrina the Magician (level 4, 0/31 HPs)
             Began as a Djinni Necromancer on Aug 17, 2021.
             Slain by a centaur (1 damage)
             ... on level 5 of the Dungeon.
             The game lasted 00:05:28 (602 turns).

Spectrina the Magician (Djinni Necromancer)          Turns: 602, Time: 00:05:29

Health: 0/31       AC:  2    Str:  7    XL:     4   Next: 27%
Gold:   32         EV: 12    Int: 17    God:
                   SH:  0    Dex: 14

rFire    + + .     SeeInvis .   f - +0 spear
rCold    x . .     Faith    .   (no shield)
rNeg     . . .     Spirit   .   a - +0 robe
rPois    ∞         Reflect  .   (no helmet)
rElec    .         Harm     .   (no cloak)
rCorr    .         Rampage  .   (no gloves)
Will     .....                  (boots unavailable)
Stlth    ++........             (no amulet)
HPRegen  0.10/turn              (no ring)
MPRegen  0.00/turn              (no ring)

@: mighty, flying, very slightly contaminated
A: sickness immunity, fire resistance 2, cold vulnerability 1, float, innate
caster, hp casting, extra vitality 1
a: no special abilities


You were on level 5 of the Dungeon.
You visited 1 branch of the dungeon, and saw 5 of its levels.

You collected 32 gold pieces.

Inventory:

Hand Weapons
 f - a +0 spear (weapon)
Missiles
 b - 11 arrows
 c - 37 stones
 g - 16 poisoned darts (quivered)
Armour
 a - a +0 robe (worn)
Wands
 j - a wand of iceblast (8)
Scrolls
 d - a scroll of immolation {unknown}
 e - 2 scrolls of amnesia {unknown}
 i - a scroll of identify {unknown}
Potions
 h - a potion of might


   Skills:
 - Level 2.1 Dodging
 - Level 1.5 Stealth
 + Level 4.4 Spellcasting


You couldn't memorise any spells.
You knew the following spells:

 Your Spells              Type           Power      Damage    Failure   Level
a - Pain                  Necr           72%        1d7       2%          1
b - Animate Skeleton      Necr           36%        N/A       2%          1
d - Animate Dead          Necr           9%         N/A       24%         4
e - Agony                 Necr           18%        N/A       56%         5
f - Foxfire               Conj/Fire      72%        2x1d7     2%          1
l - Vampiric Draining     Necr           9%         2d7       8%          3
Your spell library was empty.

Dungeon Overview and Level Annotations

Branches:
Dungeon (5/15)             Temple (0/1) D:4

Altars:


Innate Abilities, Weirdness & Mutations

You are immune to sickness and miasma.
You are immune to poison.
Your flesh is very heat resistant. (rF++)
You are vulnerable to cold. (rC-)
You float through the air rather than walking.
You learn spells naturally, not from books.
Your magical power is your life essence.
You have superior vitality. (+4 HP)


Message History

The howler monkey hits you.
You puncture the howler monkey!
The howler monkey is almost dead.
You hear the slow hiss of a very distant avalanche of sand.
The howler monkey hoots and howls with incredible vigour!
The howler monkey hits you.
You hear a shout!
You hear an angry hiss.
You puncture the howler monkey!
You kill the howler monkey!
Your Spellcasting skill increases to level 4!
You have reached level 4!
You feel agile.
You hit the centaur.
The centaur is lightly wounded.
The centaur hits you but does no damage.
The centaur closely misses you. The centaur hits you.
* * * LOW HITPOINT WARNING * * *
The centaur barely misses you.
Adjust (i)tems, (s)pells, or (a)bilities?
Adjust which spell? c - Vampiric Draining Adjust to which letter? l - Vampiric Draining
Casting: Pain (safe; 2% risk of failure)
Confirm with . or Enter, or press ? or * to list all spells.
The spell is quite dangerous to cast (8% risk of failure)!
Continue anyway?
Aiming: Vampiric Draining (quite dangerous; 8% risk of failure)
Press: ? - help, Shift-Dir - straight line, f - centaur
Aim: a centaur, quivering arrows (lightly wounded)
You miscast Vampiric Draining.
You are very lightly contaminated with residual magic.
Nothing appears to happen.
* * * LOW HITPOINT WARNING * * *
The centaur closely misses you. The centaur kicks you.
* * * LOW HITPOINT WARNING * * *
Unknown command.
You barely miss the centaur.
The centaur is lightly wounded.
The centaur hits you.
You die...

#####.........###?..
#............c.#
#............##.
###.....#.....c.
#....#.#.#..
#....#..## #
#.#.##.## .##.
#.#.#c## #...
#.#.##@# #Z.#
#.#.###.###..
#.#.####.#.#
#.........#
###<#####.# #.# #.#
#.. ..# #..# ...
#..# ####


You could see a centaur.

Vanquished Creatures
  A howler monkey (D:5)
  A howler monkey skeleton (D:5)
  A dart slug (D:1)
  An endoplasm (D:1)
  2 hobgoblins
  A kobold (D:1)
  2 quokkas (D:1)
  2 bats
11 creatures vanquished.

Notes
Turn   | Place    | Note
-------+----------+-------------------------------------------
     0 | D:1      | Spectrina the Djinni Necromancer began the quest for the
                  | Orb.
     0 | D:1      | Reached XP level 1. HP: 15/15 MP: 0/0
   246 | D:1      | Reached XP level 2. HP: 1/21 MP: 0/0
   546 | D:4      | Found a staircase to the Ecumenical Temple.
   549 | D:5      | Entered Level 5 of the Dungeon
   574 | D:5      | Reached XP level 3. HP: 16/25 MP: 0/0
   574 | D:5      | Learned a level 1 spell: Foxfire
   582 | D:5      | Noticed a centaur
   600 | D:5      | Reached skill level 4 in Spellcasting
   600 | D:5      | Reached XP level 4. HP: 12/31 MP: 0/0
   601 | D:5      | HP: 1/31 [centaur (2)]
   602 | D:5      | Slain by a centaur

Illustrated notes

Levels and vault maps discovered:
D:1:      sevenhm_arrival_forest_fort_large_2, layout_rooms, serial_rivers,
          chequers_serial_rivers_small_a, chequers_serial_rivers_marsh,
          chequers_serial_rivers_micro_a, chequers_serial_rivers_micro_c,
          chequers_serial_rivers_micro_c, chequers_serial_rivers_micro_d
D:2:      kennysheep_six_static_rooms, layout_loops_ring,
          minmay_strange_pillars, chequers_arboretum, corexii_leaking_fountain
D:3:      layout_basic, mainiacjoe_overflow_tiny_flanked
D:4:      layout_loops_cross, zin_academy, minmay_temple_entry_overgrown,
          uniq_eustachio
D:5:      layout_loops_ring, nicolae_uskayaw_dance_hall, enter_ossuary_1

Skill      XL: |  1  2  3 |
---------------+----------+-----
Spellcasting   | 4 |  4.4
Dodging        | |  2.1
Stealth        | |  1.5

Action                   |  1- 3 |  4- 6 || total
-------------------------+-------+-------++-------
Melee: Spear             |    31 |     2 ||    33
Throw: Dart              |     4 |       ||     4
 Cast: Pain              |    17 |       ||    17
  Use: Potion            |     1 |       ||     1
Armor: Robe              |     2 |     1 ||     3
Dodge: Dodged            |    13 |     3 ||    16
